 Dungeon Crawl Stone Soup version 0.21.1-1-g345015f (webtiles) character file.

53 letownia2 the Conjurer (level 3, -2/19 HPs)
             Began as a Tengu Wizard on Mar 5, 2018.
             Slain by grindst0ne's ghost (11 damage)
             ... on level 3 of the Dungeon.
             The game lasted 00:04:16 (721 turns).

letownia2 the Conjurer (Tengu Wizard)                Turns: 721, Time: 00:04:17

Health: -2/19      AC:  2    Str:  7    XL:     3   Next: 89%
Magic:  3/8        EV: 12    Int: 19    God:
Gold:   42         SH:  0    Dex: 12    Spells: 2/8 levels left

rFire    . . .     SeeInvis .   a - +1 dagger (speed)
rCold    . . .     Gourm    .   (no shield)
rNeg     . . .     Faith    .   f - +0 robe
rPois    .         Spirit   .   b - +0 hat
rElec    .         Reflect  .   (no cloak)
rCorr    .         Harm     .   (no gloves)
MR       .....                  (boots unavailable)
Stlth    ++........             (no amulet)
HPRegen  0.06/turn              (no ring)
MPRegen  0.11/turn              (no ring)

@: no status effects
A: beak, talons 3
a: no special abilities


You were on level 3 of the Dungeon.
You were not hungry.

You visited 1 branch of the dungeon, and saw 3 of its levels.

You collected 42 gold pieces.

Inventory:

Hand Weapons
 a - a +1 dagger of speed (weapon)
 e - a +0 dagger of pain
 j - a +0 quarterstaff
 k - a +0 club
 l - a +0 hunting sling
Missiles
 g - 6 javelins (quivered)
Armour
 b - a +0 hat (worn)
 f - a +0 robe (worn)
Scrolls
 h - 2 scrolls of identify {unknown}
 i - a scroll of amnesia {unknown}
Potions
 m - a potion of might
Books
 c - a book of Minor Magic

   Spells                             Type                      Level
   a - Magic Dart                     Conjuration                  1
   b - Blink                          Translocation                2
   c - Call Imp                       Summoning                    2
   d - Slow                           Hexes                        2
   e - Conjure Flame                  Conjuration/Fire             3
   f - Mephitic Cloud                 Conjuration/Poison/Air       3
Comestibles
 d - 2 rations


   Skills:
 - Level 2.1 Dodging
 - Level 2.0 Stealth
 - Level 3.0 Spellcasting
 - Level 4.3 Conjurations
 - Level 1.2 Summonings
   Level 0.7 Translocations
 + Level 1.8 Air Magic


You had 2 spell levels left.
You knew the following spells:

 Your Spells              Type           Power        Failure   Level  Hunger
a - Magic Dart            Conj           ###.         2%          1    None
e - Mephitic Cloud        Conj/Pois/Air  ##......     21%         3    ###....
i - Call Imp              Summ           #.......     14%         2    ##.....


Dungeon Overview and Level Annotations

Branches:
Dungeon (3/15)

Altars:

Annotations:
D:3 grindst0ne's ghost, amateur DsGl


Innate Abilities, Weirdness & Mutations

You have a beak for a mouth.
You have claws for feet.


Message History

Casting: Magic Dart
Confirm with . or Enter, or press ? or * to list all spells.
Aiming: Magic Dart
Press: ? - help, Shift-Dir - straight line, f/p - quokka
Aim: a quokka (severely wounded)
The magic dart hits the quokka.
You kill the quokka!
Casting: Magic Dart
Confirm with . or Enter, or press ? or * to list all spells.
You can't see any susceptible monsters within range! (Use Z to cast anyway.) Grindst0ne's ghost turns its malevolent gaze towards you.
Found a ration.
You see here 14 gold pieces.
You now have 42 gold pieces (gained 14).
Grindst0ne's ghost barely misses you. Grindst0ne's ghost hits you!
There is a stone staircase leading down here.
Grindst0ne's ghost hits you!
Ouch! That really hurt!
You die...

##### ###. #...# ##...
#...# #..# #...#
#####.## ..
##...######......# ...
#................#
....#.....#####......###
......†...# #....)....
...##.@..# #......### .
#..W.## #...<..#
#.....######...## #
#####..÷####.#..#
....#...............
#.............#....
................###..
#####............g#..
#..........##....


You could see grindst0ne's ghost.

Vanquished Creatures
  2 adders
  3 dart slugs
  A leopard gecko (D:2)
  An orc (D:3)
  2 bats (D:2)
  A giant cockroach (D:3)
  3 goblins (D:2)
  A hobgoblin (D:2)
  4 jackals (D:2)
  2 quokkas
  A frilled lizard (D:3)
  5 kobolds (D:2)
  A rat (D:2)
27 creatures vanquished.

Notes
Turn   | Place    | Note
-------+----------+-------------------------------------------
     0 | D:1      | letownia2 the Tengu Wizard began the quest for the Orb.
     0 | D:1      | Reached XP level 1. HP: 10/10 MP: 5/5
   169 | D:2      | Reached skill level 2 in Conjurations
   282 | D:2      | Reached XP level 2. HP: 11/15 MP: 1/7
   291 | D:2      | Learned a level 2 spell: Call Imp
   324 | D:2      | Reached skill level 3 in Conjurations
   373 | D:3      | Noticed grindst0ne's ghost (amateur DsGl)
   384 | D:2      | Reached XP level 3. HP: 14/19 MP: 8/8
   405 | D:2      | Reached skill level 4 in Conjurations
   419 | D:2      | Learned a level 3 spell: Mephitic Cloud
   524 | D:2      | Reached skill level 1 in Air Magic
   721 | D:3      | Slain by grindst0ne's ghost

Skill      XL: |  1  2  3 |
---------------+----------+-----
Conjurations   | 2 3 4 |  4.3
Air Magic      | 1 |  1.8
Dodging        | |  2.1
Stealth        | |  2.0
Spellcasting   | |  3.0
Summonings     | |  1.2
Translocations | |  0.7

Action                   || total
-------------------------++-------
Melee: Dagger            ||    22
       Kick              ||     2
 Cast: Magic Dart        ||    50
  Use: Potion            ||     2
 Stab: Sleeping          ||     3
Armor: Robe              ||     9
Dodge: Dodged            ||    25
